 Dungeon Crawl Stone Soup version 0.22-a0-614-g34fbaa0 (webtiles) character file.

2474 royokou the Destroyer (level 9, 0/49 HPs)
             Began as a Deep Elf Conjurer on July 13, 2018.
             Was a Follower of Vehumet.
             Slain by Erica
             ... wielding a +1 scimitar of flaming
              (6 damage)
             ... on level 8 of the Dungeon on July 15, 2018.
             The game lasted 00:26:48 (7128 turns).

royokou the Destroyer (Deep Elf Conjurer)           Turns: 7128, Time: 00:26:48

Health: 0/49       AC:  3    Str:  5    XL:     9   Next: 26%
Magic:  16/32      EV: 15    Int: 24    God:    Vehumet [*.....]
Gold:   371        SH:  0    Dex: 19    Spells: 6/24 levels left

rFire    + . .     SeeInvis .   w - staff of fire
rCold    . . .     Gourm    .   (no shield)
rNeg     . . .     Faith    .   s - +0 robe
rPois    .         Spirit   .   (no helmet)
rElec    .         Reflect  .   (no cloak)
rCorr    .         Harm     .   (no gloves)
MR       .....                  t - +0 pair of boots
Stlth    ++........             (no amulet)
HPRegen  0.16/turn              l - ring of magical power
MPRegen  0.23/turn              r - +4 ring of dexterity

@: slowed, very slow
A: no striking features
a: Renounce Religion


You were on level 8 of the Dungeon.
You worshipped Vehumet.
Vehumet was aware of your devotion.
You were not hungry.

You visited 2 branches of the dungeon, and saw 9 of its levels.

You collected 371 gold pieces.

Inventory:

Hand Weapons
 f - a +0 dagger
Armour
 s - a +0 robe (worn)
 t - a +0 pair of boots (worn)
Magical Staves
 w - an uncursed staff of fire (weapon)
Jewellery
 l - a ring of magical power (left hand)
 r - a +4 ring of dexterity (right hand)
 u - an uncursed ring of wizardry {unknown}
Wands
 g - a wand of iceblast (3)
 A - a wand of polymorph (13)
Scrolls
 a - 2 scrolls of amnesia
 b - a scroll of enchant armour {unknown}
 i - 2 scrolls of remove curse
 n - 3 scrolls of fog
 q - 2 scrolls of silence
 v - a scroll of teleportation
 x - a scroll of magic mapping {unknown}
 y - a scroll of holy word {unknown}
Potions
 d - a potion of invisibility
 e - a potion of lignification
 h - a potion of degeneration
 j - 2 potions of brilliance {unknown}
 k - 5 potions of curing
 m - 2 potions of agility
 o - a potion of might {unknown}
 p - 5 potions of flight
Comestibles
 c - 12 rations


   Skills:
 + Level 2.5 Fighting
 + Level 4.6 Dodging
 - Level 2.4 Stealth
 + Level 8.3 Spellcasting
 * Level 10.2 Conjurations
 - Level 4.2 Hexes
 - Level 4.1 Translocations


You had 6 spell levels left.
You knew the following spells:

 Your Spells              Type           Power        Failure   Level  Hunger
a - Magic Dart            Conj           ####         1%          1    None
b - Searing Ray           Conj           ######       1%          2    None
c - Dazzling Spray        Conj/Hex       #####.       1%          3    None
d - Iskenderun's Mystic   Conj           ######..     1%          4    ##.....
e - Fulminant Prism       Conj/Hex       #####.....   3%          4    ##.....
f - Force Lance           Conj/Tloc      #####...     3%          4    ##.....

Your spell library contained the following spells:

 Spells                   Type           Power        Failure   Level  Hunger
 Animate Dead             Necr           N/A          54%         4    ##.....
 Pain                     Necr           #...         6%          1    None
 Animate Skeleton         Necr           N/A          6%          1    None
 Vampiric Draining        Necr           #.........   19%         3    None
 Regeneration             Chrm/Necr      #.........   19%         3    None


Dungeon Overview and Level Annotations

Branches:
Dungeon (8/15)             Temple (1/1) D:5
   Lair: D:8-11

Altars:
Ashenzari
Dithmenos
Elyvilon
Fedhas
Gozag
Hepliaklqana
Kikubaaqudgha
Makhleb
Nemelex Xobeh
Okawaru
Qazlal
Sif Muna
Trog
Uskayaw
Vehumet
Wu Jian
Yredelemnul
Zin
The Shining One

Shops:
D:6 ?

Annotations:
D:2 1 runed door
D:8 Erica


Message History

Something hits you!
The searing ray hits something.
Something hits you!
The searing ray hits something.
You hear some strange, mumbled words.
You feel yourself slow down.
You finish channeling your searing ray.
Something hits you!
* * * LOW HITPOINT WARNING * * *
Something burns you.
* * * LOW HITPOINT WARNING * * *
Casting: Searing Ray (safe; 1% risk of failure)
Confirm with . or Enter, or press ? or * to list all spells.
Aiming: Iskenderun's Mystic Blast (safe; 1% risk of failure)
Press: ? - help, Shift-Dir - straight line The orb of energy hits something.
Something hits you but does no damage.
Casting: Iskenderun's Mystic Blast (safe; 1% risk of failure)
Confirm with . or Enter, or press ? or * to list all spells.
Aiming: Iskenderun's Mystic Blast (safe; 1% risk of failure)
Press: ? - help, Shift-Dir - straight line The orb of energy explodes!
Something hits you.
You die...

### #######.. .........
#####
.......#####...####.
.##.#....#...........
................#####
####...#####.#####
#......##.@{..# #
##..#########.###.#.###
#...# #..............
#..)#####.###.#.###.###
#..#......#.......
######.##.####.#.#.......
##......#... #.##..###.#
##......#...# . .... #
##......#...# . .#.#


There were no monsters in sight!

Vanquished Creatures
  An ugly thing (D:7)
  Sigmund (D:6)
  2 ice beasts
  A phantom (D:4)
  A sky beast (D:7)
  3 centaurs
  An ogre (D:8)
  5 bullfrogs
  A scorpion (D:6)
  3 killer bees (D:7)
  3 wights (D:7)
  An orc priest (D:5)
  A gnoll shaman (D:6)
  A centaur skeleton (D:7)
  3 hounds
  An orc wizard (D:8)
  2 iguanas
  Natasha (twice) (D:2)
  2 worker ants
  2 hound skeletons
  A howler monkey zombie (D:5)
  8 gnolls
  5 adders
  A howler monkey skeleton (D:5)
  An ooze (D:3)
  An adder skeleton (D:7)
  2 worms
  A dart slug (D:3)
  3 leopard geckos
  17 orcs
  10 bats
  3 giant cockroaches
  9 goblins
  7 hobgoblins
  12 jackals
  2 quokkas
  2 ball pythons
  2 frilled lizards (D:1)
  8 kobolds
  3 leopard gecko skeletons
  A leopard gecko zombie (D:7)
  A quokka zombie (D:5)
  9 rats
146 creatures vanquished.

Vanquished Creatures (others)
  6 fulminant prisms
6 creatures vanquished.

Grand Total: 152 creatures vanquished

Notes
Turn   | Place    | Note
-------+----------+-------------------------------------------
     0 | D:1      | royokou the Deep Elf Conjurer began the quest for the Orb.
     0 | D:1      | Reached XP level 1. HP: 10/10 MP: 6/6
   153 | D:1      | Reached XP level 2. HP: 15/15 MP: 6/8
   157 | D:1      | Learned a level 2 spell: Searing Ray
   302 | D:1      | Reached skill level 5 in Conjurations
   627 | D:1      | Reached XP level 3. HP: 19/19 MP: 5/10
   670 | D:1      | Learned a level 3 spell: Dazzling Spray
  1508 | D:2      | Found a runed door.
  1560 | D:2      | Found a sparkling altar of Nemelex Xobeh.
  1699 | D:2      | Noticed Natasha
  1707 | D:2      | Killed Natasha
  1707 | D:2      | Reached XP level 4. HP: 9/24 MP: 9/12
  1943 | D:2      | Found a blossoming altar of Fedhas.
  2018 | D:2      | Noticed Natasha
  2021 | D:2      | Killed Natasha
  2021 | D:2      | Reached skill level 6 in Conjurations
  2344 | D:3      | Found an iron altar of Okawaru.
  2514 | D:3      | Found a stormy altar of Qazlal.
  2667 | D:4      | Reached XP level 5. HP: 28/28 MP: 13/13
  2681 | D:4      | Learned a level 4 spell: Iskenderun's Mystic Blast
  2712 | D:4      | Reached skill level 1 in Hexes
  2895 | D:4      | Noticed a phantom
  2922 | D:4      | Killed a phantom
  2922 | D:4      | Reached skill level 5 in Spellcasting
  2922 | D:4      | Reached XP level 6. HP: 32/32 MP: 13/15
  2982 | D:4      | Learned a level 4 spell: Fulminant Prism
  3013 | D:4      | Reached skill level 7 in Conjurations
  3636 | D:5      | Entered Level 5 of the Dungeon
  3636 | D:5      | Found a staircase to the Ecumenical Temple.
  3639 | Temple   | Entered the Ecumenical Temple
  3899 | D:5      | Found an iron altar of Okawaru.
  3916 | D:5      | Noticed an ice beast
  3923 | D:5      | Killed an ice beast
  3923 | D:5      | Reached XP level 7. HP: 36/36 MP: 11/17
  4291 | D:5      | Learned a level 4 spell: Force Lance
  4386 | D:5      | Found a radiant altar of Vehumet.
  4394 | D:5      | Became a worshipper of Vehumet
  4729 | D:6      | Found Guannat's Magic Scroll Emporium.
  4750 | D:6      | Reached skill level 8 in Conjurations
  4757 | D:6      | Noticed Sigmund
  4761 | D:6      | Killed Sigmund
  4761 | D:6      | Reached skill level 1 in Translocations
  5602 | D:7      | Reached XP level 8. HP: 41/41 MP: 16/20
  5720 | D:7      | Reached skill level 9 in Conjurations
  5912 | D:7      | Reached skill level 1 in Fighting
  6141 | D:7      | Reached * piety under Vehumet
  6141 | D:7      | Offered knowledge of Flame Tongue by Vehumet.
  6621 | D:7      | Noticed a cyan ugly thing
  6633 | D:7      | Killed a cyan ugly thing
  6633 | D:7      | Reached skill level 10 in Conjurations
  6633 | D:7      | Reached XP level 9. HP: 24/48 MP: 10/23
  7108 | D:8      | Noticed Erica
  7128 | D:8      | Slain by Erica

Vault maps used:
D:1:      roderic_crossed_star
D:2:      lemuel_crystal_altar, nemelex_diamond_rough_becter,
          uniq_crazy_yiuf_cottage, uniq_natasha
D:3:      nicolae_overflow_crystal_walls, grunt_qazlal_clouds
D:4:      hangedman_decor_opposing
D:5:      vehumet_crystals, temple_statues, first_ration,
          okawaru_ov_weapons_minmay
D:6:      serial_shops, shop, uniq_sigmund
D:8:      minmay_overflow_temple_star_quad, serial_shops, shop, grunt_pizzeria,
          uniq_erica
Temple:   regret_index_temple_waves

Skill      XL: |  1  2  3  4  5  6  7  8 |
---------------+-------------------------+-----
Conjurations   | 5 6 7 8 10 | 10.2
Spellcasting   | 4 5 6 8 |  8.3
Hexes          | 2 3 4 |  4.2
Translocations | 2 4 |  4.1
Fighting       | 2 |  2.5
Dodging        | 4 |  4.6
Stealth        | |  2.4

Action                   |  1- 3 |  4- 6 |  7- 9 || total
-------------------------+-------+-------+-------++-------
Melee: Dagger            |     7 |     8 |     2 ||    17
       Staff             |       |       |     6 ||     6
 Cast: Magic Dart        |    69 |    50 |    60 ||   179
       Searing Ray       |     5 |    27 |    35 ||    67
       Dazzling Spray    |     1 |     1 |       ||     2
       Fulminant Prism   |       |       |     6 ||     6
       Iskenderun's Myst |       |       |     9 ||     9
       Force Lance       |       |       |     4 ||     4
  Use: Scroll            |       |    12 |     3 ||    15
 Stab: Sleeping          |       |       |     2 ||     2
  Eat: Chunk             |     2 |     7 |     8 ||    17
       Ration            |       |       |     1 ||     1
Armor: Robe              |    16 |     3 |     6 ||    25
Dodge: Dodged            |    51 |    31 |    27 ||   109

Table legend:
 A = Spawn XP
 B = Non-spawn XP
 C = Spawn XP percentage of total XP
 D = Spawn monster count
 E = Non-spawn monster count
 F = Spawn count percentage of total count
 G = Total turns spent on level
                    A         B        C        D         E        F      G
               +---------+---------+-------+---------+---------+-------+---------
         Total |       0 |    3535 |   0.0 |       0 |     146 |   0.0 |  7128
               +---------+---------+-------+---------+---------+-------+---------
           D:1 |       0 |      56 |   0.0 |       0 |      33 |   0.0 |  1257
           D:2 |       0 |      93 |   0.0 |       0 |      15 |   0.0 |   906
           D:3 |       0 |      33 |   0.0 |       0 |      15 |   0.0 |   457
           D:4 |       0 |     339 |   0.0 |       0 |      22 |   0.0 |  1016
           D:5 |       0 |     356 |   0.0 |       0 |      18 |   0.0 |   966
           D:6 |       0 |     505 |   0.0 |       0 |       9 |   0.0 |   870
           D:7 |       0 |    1849 |   0.0 |       0 |      25 |   0.0 |  1330
           D:8 |       0 |     304 |   0.0 |       0 |       9 |   0.0 |   199
               +---------+---------+-------+---------+---------+-------+---------
